AoeStats
← skittledik

Nomad

504847057Analyzed
3v3 RM · 26d ago on Sep 6, 2026· 54m 35s· 6 players
Game mode
Random Map
Map size
210×210
Population
200
Speed
Normal
Resources
Standard
Victory
Conquest
Starting age
Dark Age
Ending age
Imperial Age
RankedLock teamsTeams togetherTeam positionsShared explorationLock speedFull tech treeHidden civsTurbo modeCheats
Victory
Defeat
🇬🇧 Celts · United Kingdom
806
+13
🇬🇧 Koreans · United Kingdom
806
+13
🇬🇧 Spanish · United Kingdom
741
+16
🇨🇦 Vikings · Canada
845
-17
🇨🇦 Huns · Canada
755
-15
🇷🇺 Spanish · Russia
633
-10
Anubis
4:11 Loom
17:08 Feudal Age
36:40 Castle Age
37:31 Wheelbarrow
36:54 Stone Mining
36:54 Gold Mining
38:26 Double-Bit Axe
38:24 Horse Collar
43:03 Ballistics
42:39 Murder Holes
44:09 Bow Saw
51:04 Imperial Age
skittledik
3:33 Loom
19:03 Feudal Age
20:36 Man-at-Arms
21:30 Double-Bit Axe
21:29 Horse Collar
30:16 Castle Age
28:23 Scale Mail Armor
28:34 Forging
31:32 Long Swordsman
32:13 Squires
31:59 Arson
32:54 Iron Casting
32:35 Chain Mail Armor
34:17 Gambesons
35:59 Bow Saw
40:59 Pikeman
49:32 Fletching
CDIGZ
16:00 Feudal Age
17:13 Horse Collar
20:33 Wheelbarrow
19:45 Double-Bit Axe
21:33 Bloodlines
23:05 Gold Mining
30:02 Castle Age
28:27 Scale Mail Armor
31:14 Husbandry
30:39 Light Cavalry
31:18 Loom
31:56 Hand Cart
31:54 Bow Saw
31:47 Heavy Plow
32:51 Chain Mail Armor
36:55 Scale Barding Armor
46:14 Pikeman
50:18 Forging
Peter the Great
11:30 Loom
15:19 Feudal Age
22:21 Castle Age
20:42 Scale Barding Armor
23:13 Horse Collar
24:51 Wheelbarrow
26:02 Double-Bit Axe
30:28 Forging
33:09 Hand Cart
32:46 Town Watch
34:00 Heavy Plow
35:27 Fletching
39:15 Imperial Age
39:12 Bow Saw
38:55 Stone Mining
38:58 Gold Mining
39:50 Ballistics
41:03 Chemistry
40:14 Bodkin Arrow
41:47 Bracer
41:39 Elite Cannon Galleon
46:13 Conscription
infinite_jester
3:52 Loom
16:43 Feudal Age
19:14 Town Watch
21:29 Fletching
21:43 Double-Bit Axe
21:43 Horse Collar
22:16 Gold Mining
22:44 Stone Mining
24:58 Castle Age
25:33 Wheelbarrow
25:58 Bodkin Arrow
26:13 Thumb Ring
25:46 Crossbowman
28:34 Ballistics
29:54 Eupseong
30:20 Murder Holes
33:16 Bow Saw
41:23 Imperial Age
44:11 Chemistry
42:59 Arrowslits
43:23 Siege Engineers
43:30 Masonry
46:13 Bracer
47:44 Conscription
49:13 Arbalester
donkeyoatey
13:40 Feudal Age
14:42 Man-at-Arms
15:14 Horse Collar
18:49 Forging
18:55 Loom
25:14 Castle Age
25:56 Long Swordsman
29:20 Double-Bit Axe
29:38 Heavy Plow
34:50 Scale Mail Armor
35:27 Iron Casting
43:25 Imperial Age
42:04 Wheelbarrow
41:14 Town Watch
42:47 Pikeman
43:18 Gambesons
43:51 Chain Mail Armor
43:33 Two-Handed Swordsman
44:39 Halberdier
50:29 Champion
52:16 Plate Mail Armor
51:51 Scale Barding Armor
Connection lost

Rejoining the realm…

Still unreachable

The connection could not be restored.

Session expired

The server has moved on; the page needs a fresh start.